 Dungeon Crawl Stone Soup version 0.20-a0-269-g17f5411 (webtiles) character file.

80 AlphabetPasta the Conjurer (level 4, 0/27 HPs)
             Began as a Halfling Conjurer on Dec 8, 2016.
             Killed from afar by Sigmund (9 damage)
             ... with a magic dart
             ... on level 2 of the Dungeon.
             The game lasted 00:11:04 (2673 turns).

AlphabetPasta the Conjurer (Halfling Conjurer)      Turns: 2673, Time: 00:11:05

Health: 0/27       AC:  2    Str:  9    XL:     4   Next: 65%
Magic:  7/7        EV: 15    Int: 14    God:
Gold:   80         SH:  0    Dex: 14    Spells: 0/7 levels left

rFire  . . .     SeeInvis .     e - +2 dagger (speed)
rCold  . . .     Gourm    .     a - +0 robe
rNeg   . . .     Faith    .     (shield restricted)
rPois  .         Spirit   .     (no helmet)
rElec  .         Reflect  .     (no cloak)
rCorr  .         Harm     .     (no gloves)
MR     .....                    (no boots)
Stlth  ++........               (no amulet)
                                (no ring)
                                (no ring)

@: no status effects
A: mutation resistance 1
a: no special abilities


You were on level 2 of the Dungeon.
You were not hungry.

You visited 1 branch of the dungeon, and saw 2 of its levels.

You collected 80 gold pieces.

Inventory:

Hand Weapons
 e - a +2 dagger of speed (weapon)
 h - a +0 dagger
Armour
 a - a +0 robe (worn)
Potions
 j - a potion of cancellation {unknown}
 l - a potion of berserk rage {unknown}
 m - a potion of lignification {unknown}
Books
 b - a book of Conjurations

   Spells                             Type                      Level
   a - Magic Dart                     Conjuration                  1
   b - Searing Ray                    Conjuration                  2
   c - Dazzling Spray                 Conjuration/Hexes            3
   d - Fulminant Prism                Conjuration/Hexes            4
   e - Iskenderun's Mystic Blast      Conjuration                  4
   f - Iskenderun's Battlesphere      Conjuration/Charms           5
Comestibles
 c - a bread ration
 d - a royal jelly
 f - a beef jerky
 g - a meat ration
 i - 2 chunks of flesh
 k - a slice of pizza


   Skills:
 - Level 2.1 Dodging
 - Level 2.1 Stealth
 + Level 2.3 Spellcasting
 * Level 4.3 Conjurations


You couldn't memorise any spells.
You knew the following spells:

 Your Spells              Type           Power        Failure   Level  Hunger
a - Magic Dart            Conj           ##..         4%          1    #......
b - Searing Ray           Conj           ##....       10%         2    ###....
c - Iskenderun's Mystic   Conj           ##......     45%         4    #####..


Dungeon Overview and Level Annotations

Branches:
Dungeon (2/15)

Altars:
The Shining One

Annotations:
D:2 Sigmund


Innate Abilities, Weirdness & Mutations

You are small and have problems with some larger weapons.
You are somewhat resistant to further mutation.


Message History

There is an open door here.
Sigmund the Dreaded comes into view.
He is wielding a scythe of venom.
Sigmund shouts!
Sigmund gestures wildly while chanting.
Sigmund flickers and vanishes!
Deactivating autopickup; reactivate with Ctrl-A.
A puff of flame appears from out of thin air!
The puff of flame hits you!
Casting: Magic Dart
Confirm with . or Enter, or press ? or * to list all spells.
Aiming: Magic Dart
Press: ? - help, Shift-Dir - straight line, f - you A puff of flame appears from out of thin air!
The puff of flame hits you!
* * * LOW HITPOINT WARNING * * *
Okay, then.
Some of the chunks of flesh in your inventory have rotted away.
A magic dart appears from out of thin air!
The magic dart hits you!
You die...

****#.#***##.......##
##.#.# #.# ##.....## ###.#
#.# ##...## #.##
#.#########'## #..#
#..{....# #.# ##.#
#..####.# #.# #.# #..#
#.###.## ######.#
#..####.##...######......#
#...........@.......######
#.....#.##.....######
##.##.#.###.##.## #....#.#
#.##..# #......# #.###.#
######## #.###.##
#.##...## ###.....##
###.......###


There were no monsters in sight!

Vanquished Creatures
  2 adders (D:2)
  4 worms (D:2)
  2 dart slugs (D:1)
  4 leopard geckos
  5 bats
  2 giant cockroaches
  5 goblins
  3 hobgoblins
  2 jackals
  2 frilled lizards (D:1)
  4 kobolds
  9 rats
44 creatures vanquished.

Notes
Turn   | Place    | Note
-------+----------+-------------------------------------------
     0 | D:1      | AlphabetPasta the Halfling Conjurer began the quest for the Orb.
     0 | D:1      | Reached XP level 1. HP: 11/11 MP: 3/3
    12 | D:1      | Noticed a minotaur skeleton
    14 | D:1      | Noticed a minotaur skeleton
    16 | D:1      | Noticed a minotaur skeleton
    19 | D:1      | Noticed a minotaur skeleton
   526 | D:1      | Reached XP level 2. HP: 17/17 MP: 0/4
   533 | D:1      | Learned a level 2 spell: Searing Ray
   926 | D:1      | Reached XP level 3. HP: 20/21 MP: 0/5
  1418 | D:2      | Reached skill level 4 in Conjurations
  2123 | D:2      | Reached XP level 4. HP: 27/27 MP: 1/7
  2140 | D:2      | Learned a level 4 spell: Iskenderun's Mystic Blast
  2425 | D:2      | Found a glowing golden altar of the Shining One.
  2655 | D:2      | Noticed Sigmund
  2673 | D:2      | Killed from afar by Sigmund

Vault maps used:
D:1:      shiori_arrival_whats_in_store_for_you
D:2:      lemuel_round_altar, uniq_sigmund

Skill      XL: |  1  2  3 |
---------------+----------+-----
Spellcasting   | 2 |  2.3
Conjurations   | 4 |  4.3
Dodging        | |  2.1
Stealth        | |  2.1

Action                   |  1- 3 |  4- 6 || total
-------------------------+-------+-------++-------
Melee: Unarmed           |    24 |       ||    24
       Dagger            |     1 |     1 ||     2
 Cast: Magic Dart        |    91 |     9 ||   100
       Searing Ray       |     2 |     4 ||     6
  Use: Scroll            |     3 |       ||     3
 Stab: Sleeping          |     1 |     1 ||     2
  Eat: Chunk             |     6 |     2 ||     8
Armor: Robe              |     5 |       ||     5
Dodge: Dodged            |    36 |     1 ||    37
